 Dungeon Crawl Stone Soup version 0.28-a0-845-gfc338a8e3c (webtiles) character file.

Game seed: 6155674130704182036

239 Sweebthomas the Shield-Bearer (level 6, -1/73 HPs)
             Began as a Formicid Fighter on Nov 12, 2021.
             Slain by a gnoll (7 damage)
             ... on level 4 of the Dungeon.
             The game lasted 00:03:33 (3143 turns).

Sweebthomas the Shield-Bearer (Formicid Fighter)    Turns: 3143, Time: 00:03:34

Health: -1/73      AC: 23    Str: 21 (22) XL:     6   Next: 29%
Magic:  6/6        EV:  2    Int:  8 (9)  God:
Gold:   119        SH:  5    Dex: 10 (11) Spells: 5/5 levels left

rFire   . . .      SeeInvis .   a - +0 war axe
rCold   . . .      Faith    .   c - +0 buckler
rNeg    . . .      Spirit   .   (armour currently unavailable)
rPois   +          Reflect  .   (helmet unavailable)
rElec   .          Harm     .   (cloak currently unavailable)
rCorr   .          Rampage  .   (gloves currently unavailable)
Will    .....      Clarity  +   (boots currently unavailable)
Stlth   +.........              (no amulet)
HPRegen 0.22/turn               (no ring)
MPRegen 0.10/turn               (no ring)

@: brilliant, tree-form
A: stationary, stasis, torment immunity, boosted hp, permanent stasis, dig
shafts and tunnels, (antennae 3), four strong arms, clarity, sense surroundings
1, strong 1
a: no special abilities


You were on level 4 of the Dungeon.
You were a tree.
You visited 1 branch of the dungeon, and saw 4 of its levels.

You collected 119 gold pieces.

Inventory:

Hand Weapons
 a - a +0 war axe (weapon)
Armour
 b - a +0 scale mail
 c - a +0 buckler (worn)
 e - a +0 leather armour of fire resistance (melded)
Scrolls
 f - 2 scrolls of teleportation {unknown}
 h - 3 scrolls of identify {unknown}
 l - a scroll of immolation {unknown}
 n - a scroll of silence {unknown}
 o - a scroll of fog {unknown}
Potions
 d - a potion of might
 m - a potion of lignification
 p - a potion of haste


   Skills:
 + Level 4.3 Fighting
 * Level 4.1 Axes
 - Level 3.2 Armour
 * Level 5.7 Shields


You had 5 spell levels left.
You didn't know any spells.
Your spell library contained the following spells:

 Spells                   Type           Power      Damage    Failure   Level
 Call Canine Familiar     Summ           0%         N/A       78%         3
 Portal Projectile        Hex/Tloc       0%         N/A       78%         3
 Leda's Liquefaction      Hex/Erth       0%         N/A       99%         4


Dungeon Overview and Level Annotations

Branches:
Dungeon (4/15)
 Temple: D:4-7

Altars:
Qazlal


Innate Abilities, Weirdness & Mutations

You are a tree.
Your roots penetrate the ground, keeping you stationary.
You cannot be teleported.
You are immune to unholy pain and torment.
Your maximum health is greatly increased.
Your equipment is partially melded.
You cannot be hasted, slowed, berserked, paralysed or teleported.
You can dig through walls and to a lower floor.
((You have a pair of large antennae on your head. (SInv)))
Your four strong arms can wield two-handed weapons with a shield.
You possess an exceptional clarity of mind.
You passively map a small area around you.
Your muscles are strong. (Str +2)


Message History

It was a potion of magic.
Magic courses through your body. The gnoll hits you but does no damage.
It was a potion of degeneration.
There was something very wrong with that liquid.
You feel weakened.
You feel dopey.
You feel clumsy. The gnoll hits you but does no damage.
It was a potion of mutation.
You feel extremely strange.
You feel a strange attunement to the structure of the dungeons.
You feel stronger.
Your thoughts seem clearer.
The gnoll hits you but does no damage.
It was a potion of brilliance.
You feel clever all of a sudden. The gnoll hits you but does no damage.
You hit the gnoll.
The gnoll is lightly wounded.
The gnoll hits you with a +0 flail.
* * * LOW HITPOINT WARNING * * *
The gnoll hits you but does no damage.
You feel better. You block the gnoll's attack.
You closely miss the gnoll.
The gnoll is lightly wounded.
The gnoll hits you with a +0 flail.
* * * LOW HITPOINT WARNING * * *
You hit the gnoll.
The gnoll is moderately wounded.
You block the gnoll's attack.
You barely miss the gnoll.
The gnoll is moderately wounded.
The gnoll hits you but does no damage. You block the gnoll's attack.
You hit the gnoll.
The gnoll is severely wounded.
The gnoll hits you with a +0 flail.
* * * LOW HITPOINT WARNING * * *
You closely miss the gnoll.
The gnoll is severely wounded.
The gnoll hits you but does no damage.
You closely miss the gnoll.
The gnoll is severely wounded.
The gnoll hits you with a +0 flail!
You die...

* #.# ##.######### ##
#...##..........# # ,
#........###.# # *
###.##...##.###.#### *
####.......###.........
.....#####.#######.####
#..#..#...#..### #.#
#.............# #.#
####♣..##.#......#
#⌠.g#+## ⌠#..##### *
#... .. ...* *##..
,,### #.# , #.),, *.# ,
+..,_ , , * ,#.. * *
#.. , *


You could see a gnoll.

Vanquished Creatures
  A water moccasin skeleton (D:4)
  An orc wizard (D:3)
  6 gnolls
  3 adders (D:2)
  2 worms (D:2)
  A dart slug (D:3)
  4 orcs
  10 bats
  8 endoplasms
  7 goblins
  6 hobgoblins
  3 jackals (D:2)
  5 kobolds
  A quokka (D:2)
  3 ball pythons
  7 frilled lizards
  6 rats
74 creatures vanquished.

Notes
Turn   | Place    | Note
-------+----------+-------------------------------------------
     0 | D:1      | Sweebthomas the Formicid Fighter began the quest for the
                  | Orb.
     0 | D:1      | Reached XP level 1. HP: 18/18 MP: 1/1
   188 | D:1      | Reached XP level 2. HP: 24/24 MP: 2/2
   204 | D:1      | Reached skill level 4 in Shields
   449 | D:1      | Reached XP level 3. HP: 29/29 MP: 3/3
   960 | D:2      | Reached XP level 4. HP: 37/37 MP: 4/4
  2265 | D:3      | Found a stormy altar of Qazlal.
  2395 | D:3      | Reached XP level 5. HP: 23/42 MP: 5/5
  2401 | D:3      | HP: 2/42 [gnoll (9)]
  2402 | D:3      | Reached skill level 5 in Shields
  3012 | D:4      | Reached XP level 6. HP: 35/48 MP: 6/6
  3134 | D:4      | Gained mutation: You passively map a small area around you.
                  | [potion of mutation]
  3134 | D:4      | Gained mutation: Your muscles are strong. (Str +2) [potion
                  | of mutation]
  3134 | D:4      | Gained mutation: You possess an exceptional clarity of
                  | mind. [potion of mutation]
  3136 | D:4      | HP: 2/73 [gnoll (6)]
  3143 | D:4      | Slain by a gnoll

Illustrated notes

Levels and vault maps discovered:
D:1:      elethiomel_arrival_quiet, layout_rooms, lemuel_another_geyser
D:2:      layout_basic
D:3:      layout_basic, mainiacjoe_overflow_six_doors_small
D:4:      layout_loops_corners, okawaru_trees_1, grunt_gozag_breadcrumbs,
          evilmike_ruin_ashenzari, mainiacjoe_overflow_24_doors,
          mainiacjoe_overflow_alcove_1, roderic_batcave

Skill      XL: |  1  2  3  4  5 |
---------------+----------------+-----
Shields        | 4 5 |  5.7
Axes           | 3 4 |  4.1
Fighting       | 4 |  4.3
Armour         | |  3.2

Action                   |  1- 3 |  4- 6 || total
-------------------------+-------+-------++-------
Melee: War axe           |    60 |   150 ||   210
  Use: Potion            |       |     8 ||     8
Armor: Scale mail        |     5 |       ||     5
       Leather armour    |    11 |    42 ||    53
       Skin              |       |     8 ||     8
Dodge: Dodged            |    45 |    93 ||   138
Block: Buckler           |    16 |    40 ||    56

Table legend: (Time is in decaauts)
 A = Elapsed time spent in this place.
 B = Non-inter-level travel time spent in this place.
 C = Inter-level travel time spent in this place.
 D = Time resting spent in this place.
 E = Time spent auto-exploring this place.
 F = Levels seen in this place.
 G = Mean time per level.
                   A        B        C        D        E       F      G
               +--------+--------+--------+--------+--------+-----+--------+
         Total |   3215 |   3169 |     46 |    795 |   1855 |   4 |  803.8 |
       Dungeon |   3215 |   3169 |     46 |    795 |   1855 |   4 |  803.8 |
               +--------+--------+--------+--------+--------+-----+--------+

Top non-repeatable levels by time:
     D:2: 1459 daAuts
     D:3: 818 daAuts
     D:1: 766 daAuts
     D:4: 171 daAuts
